AoeStats
← mtcossack

Black Forest

508964305Analyzed
2v2 RM · 7d ago on Sep 24, 2026· 63m 23s· 4 players
Game mode
Random Map
Map size
Medium (4 player)
Population
200
Speed
Normal
Resources
Standard
Victory
Conquest
Starting age
Dark Age
Ending age
Imperial Age
RankedLock teamsTeams togetherTeam positionsShared explorationLock speedFull tech treeHidden civsTurbo modeCheats
Victory
Defeat
🇺🇸 Celts · United States
720
+14
🇺🇸 Burgundians · United States
702
+15
🇩🇪 Burgundians · Germany
690
-15
🇩🇪 Italians · Germany
672
-14
oemerayan
0:39 Loom
10:51 Feudal Age
18:53 Castle Age
16:41 Horse Collar
18:32 Double-Bit Axe
24:42 Bow Saw
24:36 Heavy Plow
26:07 Gold Mining
29:18 Imperial Age
30:30 Conscription
30:17 Padded Archer Armor
30:08 Fletching
30:24 Scale Barding Armor
30:20 Scale Mail Armor
30:09 Town Watch
31:37 Wheelbarrow
31:43 Elite Skirmisher
32:37 Thumb Ring
35:21 Hand Cart
38:21 Leather Archer Armor
38:01 Bodkin Arrow
38:28 Chain Barding Armor
38:23 Chain Mail Armor
38:13 Husbandry
39:59 Ring Archer Armor
39:54 Bloodlines
39:06 Light Cavalry
40:25 Bracer
44:12 Chemistry
43:23 Fortified Wall
43:09 Murder Holes
43:36 Ballistics
46:30 Hussar
sulox32
0:38 Loom
11:09 Feudal Age
12:52 Town Watch
19:40 Horse Collar
22:36 Castle Age
20:38 Gold Mining
21:13 Stone Mining
21:32 Heavy Plow
21:25 Double-Bit Axe
23:16 Bow Saw
23:52 Stone Shaft Mining
25:06 Two-Man Saw
30:37 Gold Shaft Mining
30:36 Crop Rotation
33:41 Town Patrol
38:57 Imperial Age
37:28 Burgundian Vineyards
38:04 Ballistics
38:00 Padded Archer Armor
37:50 Fletching
38:55 Caravan
41:24 Chemistry
40:35 Masonry
40:54 Pikeman
41:35 Squires
44:30 Leather Archer Armor
46:12 Elite Skirmisher
49:34 Elite Coustillier
52:38 Wheelbarrow
53:04 Bodkin Arrow
57:31 Flemish Revolution
57:38 Flemish Revolution
mtcossack
11:33 Feudal Age
15:49 Castle Age
14:32 Double-Bit Axe
14:33 Horse Collar
16:57 Bow Saw
16:53 Heavy Plow
17:44 Gold Mining
19:50 Wheelbarrow
19:05 Loom
19:39 Town Watch
20:35 Stone Mining
24:33 Hand Cart
25:11 Town Patrol
26:50 Gold Shaft Mining
26:51 Stone Shaft Mining
27:13 Scale Mail Armor
27:12 Arson
28:00 Gambesons
28:32 Forging
28:46 Ballistics
28:22 Murder Holes
28:35 Caravan
28:36 Pikeman
28:39 Man-at-Arms
29:34 Masonry
30:17 Long Swordsman
31:40 Chain Mail Armor
31:16 Fletching
32:01 Iron Casting
32:30 Stronghold
36:29 Imperial Age
36:07 Bodkin Arrow
36:24 Fortified Wall
37:39 Conscription
36:43 Onager
37:14 Capped Ram
38:39 Siege Engineers
39:54 Hoardings
39:18 Halberdier
39:19 Two-Handed Swordsman
40:47 Plate Mail Armor
41:17 Blast Furnace
41:44 Furor Celtica
44:24 Chemistry
42:49 Siege Ram
44:53 Champion
46:35 Elite Woad Raider
47:11 Siege Onager
51:11 Light Cavalry
51:52 Husbandry
52:00 Scale Barding Armor
51:55 Padded Archer Armor
52:27 Hussar
54:46 Sanctity
57:30 Elite Skirmisher
59:39 Chain Barding Armor
59:35 Leather Archer Armor
JOE.GOAT
14:42 Feudal Age
13:14 Double-Bit Axe
19:03 Castle Age
17:56 Bow Saw
18:10 Horse Collar
18:32 Gold Mining
23:43 Two-Man Saw
23:16 Heavy Plow
24:30 Stone Mining
25:00 Caravan
26:19 Crop Rotation
26:29 Stone Shaft Mining
26:30 Gold Shaft Mining
28:16 Wheelbarrow
27:28 Loom
27:29 Town Watch
28:17 Town Patrol
29:42 Hand Cart
31:57 Murder Holes
32:34 Forging
32:17 Fletching
35:14 Imperial Age
32:54 Scale Barding Armor
32:49 Padded Archer Armor
34:39 Burgundian Vineyards
37:00 Chemistry
36:25 Cavalier
37:07 Husbandry
37:51 Iron Casting
37:36 Chain Barding Armor
37:35 Leather Archer Armor
37:16 Bodkin Arrow
38:27 Conscription
40:55 Blast Furnace
40:31 Plate Barding Armor
42:21 Bracer
42:47 Paladin
61:18 Ballistics
Connection lost

Rejoining the realm…

Still unreachable

The connection could not be restored.

Session expired

The server has moved on; the page needs a fresh start.